 Dungeon Crawl Stone Soup version 0.27-a0-1147-gb3d8e82157 (webtiles) character file.

Game seed: 1749745328285818217

130 shoop the Skirmisher (level 5, 0/54 HPs)
             Began as an Ogre Arcane Marksman on May 11, 2021.
             Slain by an orc
             ... wielding a +2 short sword of protection
              (6 damage)
             ... on level 3 of the Dungeon.
             The game lasted 00:07:35 (3276 turns).

shoop the Skirmisher (Ogre Arcane Marksman)         Turns: 3276, Time: 00:07:36

Health: 0/54       AC:  3    Str: 15    XL:     5   Next: 14%
Magic:  6/6        EV:  9    Int: 14    God:
Gold:   30         SH:  0    Dex:  9    Spells: 3/6 levels left

rFire    . . .     SeeInvis .   n - +0 mace
rCold    . . .     Faith    .   (no shield)
rNeg     . . .     Spirit   .   a - +0 robe
rPois    .         Reflect  .   (helmet restricted)
rElec    .         Harm     .   (no cloak)
rCorr    .         Rampage  .   (gloves unavailable)
Will     .....                  (boots unavailable)
Stlth    +.........             (no amulet)
HPRegen  0.18/turn              (no ring)
MPRegen  0.10/turn              (no ring)

@: no status effects
A: large, unfitting armour, tough skin 1
a: no special abilities


You were on level 3 of the Dungeon.
You visited 1 branch of the dungeon, and saw 3 of its levels.

You collected 30 gold pieces.

Inventory:

Hand Weapons
 h - a +0 club
 n - a +0 mace (weapon)
Missiles
 c - 4 large rocks
 d - 2 throwing nets
 k - 5 boomerangs (quivered)
 l - 10 poisoned darts
Armour
 a - a +0 robe (worn)
Scrolls
 b - a scroll of magic mapping {unknown}
 e - a scroll of blinking {unknown}
 f - a scroll of teleportation {unknown}
 g - a scroll of immolation {unknown}
 m - a scroll of fear {unknown}
Potions
 i - a potion of cancellation {unknown}
 j - a potion of magic {unknown}
 o - a potion of brilliance {unknown}


   Skills:
 + Level 3.7 Fighting
 + Level 1.1 Maces & Flails
 + Level 3.0 Throwing
 - Level 1.7 Dodging
 - Level 1.2 Spellcasting
 + Level 3.6 Hexes


You had 3 spell levels left.
You knew the following spells:

 Your Spells              Type           Power      Damage    Failure   Level
a - Slow                  Hex            11%        N/A       9%          2
b - Corona                Hex            12%        N/A       6%          1

Your spell library contained the following spells:

 Spells                   Type           Power      Damage    Failure   Level
 Magic Dart               Conj           0%         1d3       26%         1
 Searing Ray              Conj           0%         3d3       36%         2
 Dazzling Flash           Conj/Hex       10%        N/A       36%         3
 Inner Flame              Hex/Fire       5%         N/A       36%         3
 Portal Projectile        Hex/Tloc       10%        N/A       36%         3
 Cause Fear               Hex            5%         N/A       50%         4
 Fulminant Prism          Conj/Hex       2%         3d6       77%         4
 Leda's Liquefaction      Hex/Erth       2%         N/A       77%         4
 Iskenderun's Mystic Bla  Conj/Tloc      0%         2d3       95%         4


Dungeon Overview and Level Annotations

Branches:
Dungeon (3/15)

Altars:


Innate Abilities, Weirdness & Mutations

You are too large for most types of armour.
You have tough skin. (AC +1)


Message History

The orc hits you with a +2 short sword of protection.
You barely miss the orc.
The orc is almost dead.
The orc hits you with a +0 hand axe.
The orc hits you with a +2 short sword of protection.
You are too injured to fight recklessly!
You are too injured to fight recklessly!
You are too injured to fight recklessly!
You are too injured to fight recklessly!
You are too injured to fight recklessly!
You thump the orc!
You kill the orc!
The orc completely misses you.
Your Throwing skill increases to level 3!
You hit the orc but do no damage.
The orc hits you with a +2 short sword of protection.
The orc closely misses you.
You hit the orc but do no damage. The orc closely misses you.
You hit the orc but do no damage.
The orc hits you with a +2 short sword of protection.
* * * LOW HITPOINT WARNING * * *
You hit the orc.
The orc is heavily wounded.
The orc hits you with a +2 short sword of protection.
* * * LOW HITPOINT WARNING * * *
The orc hits you with a +2 short sword of protection.
* * * LOW HITPOINT WARNING * * *
Casting: Slow (safe; 9% risk of failure)
Confirm with . or Enter, or press ? or * to list all spells.
Aiming: Corona (safe; 6% risk of failure)
Press: ? - help, Shift-Dir - straight line, f - orc
Aim: an orc, wielding a +2 short sword of protection and wearing a +0 chain mail (heavily wounded, chance to affect: 64%)
Okay, then.
Unknown command.
An orc priest comes into view. It is wielding a +0 dagger.
The orc hits you but does no damage.
Items here: ) ? [ †.
There is a stone staircase leading up here.
The orc hits you with a +2 short sword of protection.
You die...

#†#...##.# #.# #.......
#.#...##.# #.# #.######
...#.#...##.# #.# #.#.....
..#.#...##.# #.#######.#.#.#.
#...#.....##.###......##.#.#.#<
#.#.#.#........#......##.###.##
#.#..........#.#......÷........
###.#..##..#####.##.....###.##.##
.#.....##(.o.).o@.......# #.##.#
.......##..#.#...#......# #.##.#
##.....o.........#......# #.##.#
#...#..#........#......# #.##.##
#...##.#........#.#....###.#....
##.###.#........#.#....##.†....#
###.# #............#.............
....# ##...##....#####.#.#......#
##### #...............#.#......#


You could see an orc priest (wandering) and an orc.

Vanquished Creatures
  An orc priest (D:3)
  5 adders
  A worm (D:2)
  A dart slug (D:2)
  3 orcs (D:3)
  4 ball pythons
  3 endoplasms
  3 giant cockroaches
  8 goblins
  6 hobgoblins
  2 jackals (D:2)
  2 quokkas
  4 bats
  A frilled lizard (D:3)
  4 rats
48 creatures vanquished.

Notes
Turn   | Place    | Note
-------+----------+-------------------------------------------
     0 | D:1      | shoop the Ogre Arcane Marksman began the quest for the Orb.
     0 | D:1      | Reached XP level 1. HP: 19/19 MP: 2/2
   387 | D:1      | Reached XP level 2. HP: 14/28 MP: 1/3
   404 | D:1      | Learned a level 2 spell: Slow
   567 | D:1      | You fall into a shaft and drop 1 floor!
  1030 | D:1      | Reached XP level 3. HP: 26/36 MP: 1/4
  1601 | D:2      | Reached XP level 4. HP: 39/45 MP: 5/5
  3257 | D:3      | Reached skill level 1 in Maces & Flails
  3257 | D:3      | Reached XP level 5. HP: 54/54 MP: 6/6
  3276 | D:3      | Slain by an orc

Illustrated notes

Levels and vault maps discovered:
D:1:      dpeg_arrival_simpleton_a, layout_rooms
D:2:      layout_rooms
D:3:      cheibrodos_pilgrimage, layout_basic,
          nemelex_xobeh_ov_fountains_minmay,
          hellmonk_ecumenical_altar_leap_of_faith

Skill      XL: |  1  2  3  4  5 |
---------------+----------------+-----
Fighting       | 2 3 |  3.7
Hexes          | 3 |  3.6
Maces & Flails | 1 |  1.1
Throwing       | 3 |  3.0
Dodging        | |  1.7
Spellcasting   | |  1.2

Action                   |  1- 3 |  4- 6 || total
-------------------------+-------+-------++-------
Melee: Club              |    85 |       ||    85
       Unarmed           |     5 |       ||     5
       Mace              |     6 |    73 ||    79
Throw: Boomerang         |     8 |    14 ||    22
       Dart              |       |     4 ||     4
 Cast: Corona            |    10 |     6 ||    16
       Slow              |    12 |     2 ||    14
  Use: Potion            |       |     1 ||     1
Armor: Robe              |    37 |    23 ||    60
Dodge: Dodged            |    63 |    52 ||   115

Table legend: (Time is in decaauts)
 A = Elapsed time spent in this place.
 B = Non-inter-level travel time spent in this place.
 C = Inter-level travel time spent in this place.
 D = Time resting spent in this place.
 E = Time spent auto-exploring this place.
 F = Levels seen in this place.
 G = Mean time per level.
                   A        B        C        D        E       F      G
               +--------+--------+--------+--------+--------+-----+--------+
         Total |   3338 |   3258 |     80 |    600 |   1989 |   3 | 1112.7 |
       Dungeon |   3338 |   3258 |     80 |    600 |   1989 |   3 | 1112.7 |
               +--------+--------+--------+--------+--------+-----+--------+

Top non-repeatable levels by time:
     D:2: 1327 daAuts
     D:1: 1153 daAuts
     D:3: 857 daAuts
